 Dungeon Crawl Stone Soup version 0.21.1-1-g345015f (webtiles) character file.

1830 tidbits the Quickloader (level 9, 13/69 HPs)
             Began as a Gnoll Wanderer on June 9, 2018.
             Quit the game on level 7 of the Dungeon.
             The game lasted 00:20:40 (1750 turns).

tidbits the Quickloader (Gnoll Wanderer)            Turns: 1750, Time: 00:20:41

Health: 13/69      AC:  0    Str: 16    XL:     9   Next: 11%
Magic:  14/14      EV: 14    Int: 15    God:
Gold:   285        SH:  0    Dex: 16    Spells: 9/15 levels left

rFire    . . .     SeeInvis .   c - +0 scythe
rCold    . . .     Gourm    .   (shield currently unavailable)
rNeg     . . .     Faith    .   (no armour)
rPois    .         Spirit   .   (no helmet)
rElec    .         Reflect  .   (no cloak)
rCorr    .         Harm     .   (no gloves)
MR       .....                  (no boots)
Stlth    +++.......             (no amulet)
HPRegen  0.21/turn              (no ring)
MPRegen  0.14/turn              (no ring)

@: no status effects
A: distributed training, fangs 1, strong nose
a: no special abilities


You were on level 7 of the Dungeon.
You were not hungry.

You visited 1 branch of the dungeon, and saw 8 of its levels.
You also visited: Sewer.

You collected 285 gold pieces.

Inventory:

Hand Weapons
 a - a +0 flail
 b - a +0 hand crossbow
 c - a +0 scythe (weapon)
 y - a +0 long sword
 C - a +0 war axe
 H - a +0 hunting sling
Missiles
 j - 5 bolts
 n - 6 stones (quivered)
 x - 59 arrows
 I - 10 sling bullets
Armour
 B - a +2 scale mail
 F - a +0 buckler
Jewellery
 i - an uncursed ring of ice
   (You found it on level 2 of the Dungeon)
Wands
 p - a wand of paralysis (19)
Scrolls
 g - 2 scrolls of enchant armour
 h - a scroll of random uselessness
 k - a scroll of fog
 m - a scroll of fear {unknown}
 o - a scroll of magic mapping {unknown}
 q - a scroll of blinking {unknown}
 r - 2 scrolls of remove curse
 t - 4 scrolls of teleportation
 w - 2 scrolls of noise {unknown}
 z - 2 scrolls of enchant weapon
 E - a scroll of amnesia {unknown}
Potions
 d - a potion of degeneration {unknown}
 e - a potion of ambrosia {unknown}
 l - 2 potions of curing
 s - 5 potions of flight
 u - a potion of might
 A - a potion of lignification
 D - a potion of mutation {unknown}
 G - a potion of invisibility
Books
 v - a book of Changes
   (You found it on level 5 of the Dungeon)

   Spells                             Type                      Level
   a - Beastly Appendage              Transmutation                1
   b - Sticks to Snakes               Transmutation                2
   c - Spider Form                    Transmutation/Poison         3
   d - Ice Form                       Ice/Transmutation            4
   e - Blade Hands                    Transmutation                5
Comestibles
 f - 13 rations


   Skills:
 + Level 6.0 Fighting
 + Level 3.8 Short Blades
 + Level 3.8 Long Blades
 + Level 3.8 Axes
 + Level 4.7 Maces & Flails
 + Level 3.8 Polearms
 + Level 3.8 Staves
 + Level 3.8 Slings
 + Level 3.8 Bows
 + Level 9.4 Crossbows
 + Level 3.8 Throwing
 + Level 4.7 Armour
 + Level 3.8 Dodging
 + Level 3.8 Stealth
 + Level 3.8 Shields
 + Level 3.8 Unarmed Combat
 + Level 3.8 Spellcasting
 + Level 3.1 Conjurations
 + Level 3.1 Hexes
 + Level 3.1 Charms
 + Level 3.1 Summonings
 + Level 3.1 Necromancy
 + Level 3.1 Translocations
 + Level 3.1 Transmutations
 + Level 3.1 Fire Magic
 + Level 3.1 Ice Magic
 + Level 3.1 Air Magic
 + Level 3.1 Earth Magic
 + Level 3.1 Poison Magic
 + Level 4.2 Invocations
 + Level 6.0 Evocations


You had 9 spell levels left.
You knew the following spells:

 Your Spells              Type           Power        Failure   Level  Hunger
e - Beastly Appendage     Tmut           ##....       4%          1    None
k - Sticks to Snakes      Tmut           ##......     8%          2    ##.....
p - Spider Form           Tmut/Pois      ##........   16%         3    ###....


Dungeon Overview and Level Annotations

Branches:
Dungeon (8/15)
 Temple: D:4-7         Lair: D:8-11

Altars:
Ashenzari
Makhleb


Innate Abilities, Weirdness & Mutations

Your experience applies equally to all skills.
You have very sharp teeth.
Your uncanny sense of smell can sniff out nearby items.


Message History

You swing at nothing.
You feel less wooden.
Items here: $ ( )) [ †
Okay, then.
You butcher the human corpse of Joseph.
Items here: $ % ( )) [ Eat one of 3 chunks of flesh? (ye/n/q)
You eat one of the 3 chunks of flesh.
This raw flesh tastes terrible.
H - a hunting sling;
I - 10 sling bullets You now have 270 gold pieces (gained 11).
A hound comes into view.
Things that are here:
a short sword; 4 stones
Items here: $ ( )) a short sword; a blowgun; 18 poisoned needles; 15 gold pieces You now have 285 gold pieces (gained 15).
Casting: Spider Form
Confirm with . or Enter, or press ? or * to list all spells.
You create a snake!
You now have 60 arrows.
Casting: Sticks to Snakes
Confirm with . or Enter, or press ? or * to list all spells.
You turn into a venomous arachnid creature.
Your +0 scythe melds into your body.
The hound misses you. The hound closely misses you.
You hit the hound.
The hound is poisoned.
The hound is lightly wounded.
The hound bites you.
* * * LOW HITPOINT WARNING * * *
Your ball python bites the hound.
Your ball python grabs the hound.
Your ball python constricts the hound.
You hit the hound.
The hound looks as sick as possible!
The hound is heavily wounded.
The hound closely misses you.
Your ball python bites the hound but does no damage.
Your ball python constricts the hound.
The hound barely misses you.
You hit the hound.
You kill the hound!
You see here a scroll of remove curse.
r - 2 scrolls of remove curse (gained 1)
A water moccasin comes into view.
The water moccasin hisses angrily.
Found a scale mail.
Casting: Spider Form
Confirm with . or Enter, or press ? or * to list all spells.
You create a snake!
You now have 59 arrows.
Your transformation is almost over.
Your adder bites the water moccasin.
You hit the water moccasin but do no damage.
The water moccasin is lightly wounded.
The water moccasin barely misses you.
Your ball python barely misses the water moccasin.
Your ball python misses the water moccasin.
Your adder barely misses the water moccasin.
The water moccasin bites you.
* * * LOW HITPOINT WARNING * * *
You hit the water moccasin.
The water moccasin is lightly wounded.
Your ball python barely misses the water moccasin.
Your ball python closely misses the water moccasin.
Your adder bites the water moccasin.
The water moccasin is poisoned.
Your adder poisons the water moccasin!
The water moccasin bites you!
* * * LOW HITPOINT WARNING * * *
Your ball python misses the water moccasin. x2
You hit the water moccasin.
The water moccasin looks as sick as possible!
The water moccasin is lightly wounded.
Your adder closely misses the water moccasin.
The water moccasin misses you.
Your ball python bites the water moccasin but does no damage.
Your ball python misses the water moccasin.
Your adder misses the water moccasin. You hit the water moccasin.
The water moccasin is moderately wounded.
The water moccasin misses you.
Your ball python barely misses the water moccasin.
Your ball python grabs the water moccasin.
Your ball python constricts the water moccasin.
The water moccasin barely misses you.
Your adder completely misses the water moccasin.
You bite the water moccasin!
The water moccasin looks as sick as possible!
The water moccasin is severely wounded.
Your ball python loses its grip on the water moccasin.
Your ball python withers and dies!
The water moccasin barely misses you.
Your adder misses the water moccasin. You hit the water moccasin.
The water moccasin is almost dead.
You kill the water moccasin!
You swap places.
You open the door.
Your transformation has ended.
Your +0 scythe unmelds from your body.
There is an open door here.
You swap places.
You swap places.
You open the door.
There is an open door here.
Your adder withers and dies!
Found 21 gold pieces.
Are you sure you want to abandon this character and quit the game? (Confirm with "yes".)

##### #...##### #......$#
#.......# #.......# #####
#..@######.....
#...........####
#............... ##
##...........## # #. #####
#####.....#.# #.#. #...#
#.##..# # #.'.
#...#############.....#. #####.
#...'..........................
#...#####.#######.....#.#######


There were no monsters in sight!

Vanquished Creatures
  Joseph (D:7)
  A hippogriff (D:7)
  Sigmund (D:3)
  A hungry ghost (D:6)
  A water moccasin (D:7)
  3 ogres
  A big kobold (D:7)
  A bullfrog (D:7)
  A scorpion (D:5)
  A howler monkey (D:6)
  A crimson imp (D:7)
  3 hounds
  An orc priest (D:4)
  A gnoll shaman (D:7)
  2 iguanas (D:5)
  An orc wizard (D:5)
  2 worker ants
  A howler monkey zombie (D:5)
  A worker ant zombie (D:7)
  7 gnolls (D:7)
  3 adders
  2 shadow imps
  3 worms
  7 leopard geckos
  8 orcs
  7 bats
  4 giant cockroaches
  A goblin (D:1)
  4 jackals (Sewer)
  A quokka (D:7)
  3 ball pythons
  6 frilled lizards
  6 kobolds (D:7)
87 creatures vanquished.

Vanquished Creatures (others)
  A plant (D:5)
1 creature vanquished.

Grand Total: 88 creatures vanquished

Notes
Turn   | Place    | Note
-------+----------+-------------------------------------------
     0 | D:1      | tidbits the Gnoll Wanderer began the quest for the Orb.
     0 | D:1      | tidbits set off with: a +2 scale mail, a +0 hand crossbow, 22 bolts, a scroll of teleportation, a ration
     0 | D:1      | Reached XP level 1. HP: 20/20 MP: 3/3
    77 | D:2      | Found a shattered altar of Ashenzari.
   127 | D:3      | Reached XP level 2. HP: 26/26 MP: 5/5
   130 | D:3      | Noticed Sigmund
   134 | D:3      | Killed Sigmund
   134 | D:3      | Reached skill level 1 in Short Blades
   134 | D:3      | Reached skill level 1 in Long Blades
   134 | D:3      | Reached skill level 1 in Axes
   134 | D:3      | Reached skill level 3 in Maces & Flails
   134 | D:3      | Reached skill level 1 in Polearms
   134 | D:3      | Reached skill level 1 in Staves
   134 | D:3      | Reached skill level 1 in Slings
   134 | D:3      | Reached skill level 1 in Bows
   134 | D:3      | Reached skill level 1 in Throwing
   134 | D:3      | Reached skill level 3 in Armour
   134 | D:3      | Reached skill level 1 in Dodging
   134 | D:3      | Reached skill level 1 in Stealth
   134 | D:3      | Reached skill level 1 in Shields
   134 | D:3      | Reached skill level 1 in Unarmed Combat
   134 | D:3      | Reached skill level 1 in Spellcasting
   134 | D:3      | Reached skill level 1 in Conjurations
   134 | D:3      | Reached skill level 1 in Hexes
   134 | D:3      | Reached skill level 1 in Charms
   134 | D:3      | Reached skill level 1 in Summonings
   134 | D:3      | Reached skill level 1 in Necromancy
   134 | D:3      | Reached skill level 1 in Translocations
   134 | D:3      | Reached skill level 1 in Transmutations
   134 | D:3      | Reached skill level 1 in Fire Magic
   134 | D:3      | Reached skill level 1 in Ice Magic
   134 | D:3      | Reached skill level 1 in Air Magic
   134 | D:3      | Reached skill level 1 in Earth Magic
   134 | D:3      | Reached skill level 1 in Poison Magic
   134 | D:3      | Reached skill level 1 in Invocations
   134 | D:3      | Reached XP level 3. HP: 32/32 MP: 6/6
   134 | D:3      | Reached XP level 4. HP: 38/38 MP: 7/7
   134 | D:3      | Reached XP level 5. HP: 43/43 MP: 8/8
   179 | D:5      | Entered Level 5 of the Dungeon
   179 | D:5      | Noticed an ogre
   186 | D:5      | Killed an ogre
   186 | D:5      | Reached skill level 2 in Invocations
   186 | D:5      | Reached XP level 6. HP: 19/50 MP: 9/9
   275 | D:4      | Reached skill level 5 in Fighting
   275 | D:4      | Reached skill level 2 in Short Blades
   275 | D:4      | Reached skill level 2 in Long Blades
   275 | D:4      | Reached skill level 2 in Axes
   275 | D:4      | Reached skill level 2 in Polearms
   275 | D:4      | Reached skill level 2 in Staves
   275 | D:4      | Reached skill level 2 in Slings
   275 | D:4      | Reached skill level 2 in Bows
   275 | D:4      | Reached skill level 2 in Throwing
   275 | D:4      | Reached skill level 2 in Dodging
   275 | D:4      | Reached skill level 2 in Stealth
   275 | D:4      | Reached skill level 2 in Shields
   275 | D:4      | Reached skill level 2 in Unarmed Combat
   275 | D:4      | Reached skill level 2 in Spellcasting
   275 | D:4      | Reached skill level 5 in Evocations
   420 | D:5      | Found a glowing drain.
   430 | Sewer    | Entered a sewer
   669 | D:5      | Reached XP level 7. HP: 27/56 MP: 10/10
   699 | D:5      | Learned a level 1 spell: Beastly Appendage
   702 | D:5      | Learned a level 2 spell: Sticks to Snakes
   866 | D:4      | Learned a level 3 spell: Spider Form
   945 | D:4      | Reached skill level 2 in Conjurations
   945 | D:4      | Reached skill level 2 in Hexes
   945 | D:4      | Reached skill level 2 in Charms
   945 | D:4      | Reached skill level 2 in Summonings
   945 | D:4      | Reached skill level 2 in Necromancy
   945 | D:4      | Reached skill level 2 in Translocations
   945 | D:4      | Reached skill level 2 in Transmutations
   945 | D:4      | Reached skill level 2 in Fire Magic
   945 | D:4      | Reached skill level 2 in Ice Magic
   945 | D:4      | Reached skill level 2 in Air Magic
   945 | D:4      | Reached skill level 2 in Earth Magic
   945 | D:4      | Reached skill level 2 in Poison Magic
  1115 | D:6      | Noticed a hungry ghost
  1130 | D:6      | Killed a hungry ghost
  1130 | D:6      | Reached skill level 9 in Crossbows
  1130 | D:6      | Reached skill level 3 in Invocations
  1232 | D:6      | Reached XP level 8. HP: 32/63 MP: 8/12
  1314 | D:7      | Found a burning altar of Makhleb.
  1338 | D:7      | Reached skill level 4 in Maces & Flails
  1338 | D:7      | Reached skill level 4 in Armour
  1395 | D:7      | Reached skill level 3 in Short Blades
  1395 | D:7      | Reached skill level 3 in Long Blades
  1395 | D:7      | Reached skill level 3 in Axes
  1395 | D:7      | Reached skill level 3 in Polearms
  1395 | D:7      | Reached skill level 3 in Staves
  1395 | D:7      | Reached skill level 3 in Slings
  1395 | D:7      | Reached skill level 3 in Bows
  1395 | D:7      | Reached skill level 3 in Throwing
  1395 | D:7      | Reached skill level 3 in Dodging
  1395 | D:7      | Reached skill level 3 in Stealth
  1395 | D:7      | Reached skill level 3 in Shields
  1395 | D:7      | Reached skill level 3 in Unarmed Combat
  1395 | D:7      | Reached skill level 3 in Spellcasting
  1428 | D:7      | Noticed a hippogriff
  1438 | D:7      | Killed a hippogriff
  1586 | D:7      | Noticed Joseph
  1659 | D:7      | Killed Joseph
  1659 | D:7      | Reached skill level 3 in Conjurations
  1659 | D:7      | Reached skill level 3 in Hexes
  1659 | D:7      | Reached skill level 3 in Charms
  1659 | D:7      | Reached skill level 3 in Summonings
  1659 | D:7      | Reached skill level 3 in Necromancy
  1659 | D:7      | Reached skill level 3 in Translocations
  1659 | D:7      | Reached skill level 3 in Transmutations
  1659 | D:7      | Reached skill level 3 in Fire Magic
  1659 | D:7      | Reached skill level 3 in Ice Magic
  1659 | D:7      | Reached skill level 3 in Air Magic
  1659 | D:7      | Reached skill level 3 in Earth Magic
  1659 | D:7      | Reached skill level 3 in Poison Magic
  1659 | D:7      | Reached skill level 4 in Invocations
  1664 | D:7      | Reached skill level 6 in Fighting
  1664 | D:7      | Reached skill level 6 in Evocations
  1664 | D:7      | Reached XP level 9. HP: 23/69 MP: 12/14
  1712 | D:7      | HP: 5/69 [water moccasin (9)]
  1750 | D:7      | Quit the game

Skill      XL: |  1  2  3  4  5  6  7  8 |
---------------+-------------------------+-----
Short Blades   | 1 2 3 |  3.8
Long Blades    | 1 2 3 |  3.8
Axes           | 1 2 3 |  3.8
Maces & Flails | 3 4 |  4.7
Polearms       | 1 2 3 |  3.8
Staves         | 1 2 3 |  3.8
Slings         | 1 2 3 |  3.8
Bows           | 1 2 3 |  3.8
Throwing       | 1 2 3 |  3.8
Armour         | 3 4 |  4.7
Dodging        | 1 2 3 |  3.8
Stealth        | 1 2 3 |  3.8
Shields        | 1 2 3 |  3.8
Unarmed Combat | 1 2 3 |  3.8
Spellcasting   | 1 2 3 |  3.8
Conjurations   | 1 2 3 |  3.1
Hexes          | 1 2 3 |  3.1
Charms         | 1 2 3 |  3.1
Summonings     | 1 2 3 |  3.1
Necromancy     | 1 2 3 |  3.1
Translocations | 1 2 3 |  3.1
Transmutations | 1 2 3 |  3.1
Fire Magic     | 1 2 3 |  3.1
Ice Magic      | 1 2 3 |  3.1
Air Magic      | 1 2 3 |  3.1
Earth Magic    | 1 2 3 |  3.1
Poison Magic   | 1 2 3 |  3.1
Invocations    | 1 2 3 4 |  4.2
Fighting       | 5 6 |  6.0
Evocations     | 5 6 |  6.0
Crossbows      | 9 |  9.4

Action                   |  1- 3 |  4- 6 |  7- 9 || total
-------------------------+-------+-------+-------++-------
Melee: Scythe            |       |    47 |       ||    47
       Bite              |       |     2 |       ||     2
       Unarmed           |       |       |   132 ||   132
       Flail             |       |       |     3 ||     3
 Fire: Hand crossbow     |    12 |    41 |    65 ||   118
Throw: Stone             |       |       |     1 ||     1
 Cast: Spider Form       |       |       |    15 ||    15
       Sticks to Snakes  |       |       |     9 ||     9
  Use: Scroll            |       |     2 |     5 ||     7
       Potion            |       |     1 |     5 ||     6
  Eat: Chunk             |       |       |     4 ||     4
       Ration            |       |       |     1 ||     1
Armor: Scale mail        |     3 |    74 |    13 ||    90
       Skin              |       |       |    44 ||    44
Dodge: Dodged            |     5 |    64 |   108 ||   177

Table legend:
 A = Turns spent in this place as a percentage of turns spent in the entire game.
 B = Non-inter-level travel turns spent in this place as a percentage of non-inter-level travel turns spent in the entire game.
 C = Inter-level travel turns spent in this place as a percentage of turns spent in this place.
 D = Turns resting spent in this place as a percentage of non-inter-level travel turns spent in this place.
 E = Turns spent auto-exploring this place as a percentage of non-inter-level travel turns spent in this place.
 F = Non-inter-level travel turns spent in this place divided by the number of levels of this place that you've seen.
                   A       B       C       D       E      F
               +-------+-------+-------+-------+-------+----------------------
         Total | 100.0 | 100.0 |   0.0 |   0.0 |   0.0 | 194.4
       Dungeon |  87.2 |  87.2 |   0.0 |   0.0 |   0.0 | 190.8
         Sewer |  12.8 |  12.8 |   0.0 |   0.0 |   0.0 | 224.0
               +-------+-------+-------+-------+-------+----------------------

Table legend:
 A = Kills in this place as a percentage of kills in entire the game.
 B = Kills by you in this place as a percentage of kills by you in the entire game.
 C = Kills by friends in this place as a percentage of kills by friends in the entire game.
 D = Other kills in this place as a percentage of other kills in the entire game.
 E = Experience gained in this place as a percentage of experience gained in the entire game.
 F = Experience gained in this place divided by the number of levels of this place that you have seen.
                   A       B       C       D       E      F
               +-------+-------+-------+-------+-------+----------------------
         Total | 100.0 | 100.0 |   N/A |   N/A | 100.0 | 290.6
       Dungeon |  79.3 |  79.3 |   N/A |   N/A |  98.7 | 322.8
         Sewer |  20.7 |  20.7 |   N/A |   N/A |   1.3 |  33.0
               +-------+-------+-------+-------+-------+----------------------

Vault maps used:
D:1:      minmay_arrival_semitransparent, serial_forest,
          infiniplex_forest_clump_diagonal, infiniplex_forest_clump_long,
          infiniplex_forest_lined_3_way, infiniplex_forest_clump_long,
          infiniplex_forest_end_3, infiniplex_forest_end_3,
          infiniplex_forest_straight_4, infiniplex_forest_fountain,
          minmay_small_reverse_x
D:2:      evilmike_ruin_ashenzari
D:3:      kennysheep_generic_room_5, uniq_sigmund
D:4:      minmay_opposing_rooms, uniq_crazy_yiuf_cottage
D:5:      first_ration, portal_sewer_entry_b, minmay_lizard_king
D:6:      gammafunk_temple_overflow_statue, minmay_temple_entry_overgrown,
          corexii_leaking_fountain, minmay_misc_feat_cross, lemuel_statue_altar
D:7:      nicolae_overflow_hidden_temple, uniq_joseph
D:8:      eat_drink_and_be_merry_uskayaw, grunt_pizzeria, minivault_26,
          minmay_unpleasant_kobolds
Sewer:    sewer_fruit_machine
